 Dungeon Crawl Stone Soup version 0.29.0-4-gdea44cf6ec (webtiles) character file.

Game seed: 11288368657904120314

24751 qw the Brawler (level 12, -1/118 HPs)
             Began as a Troll Cinder Acolyte on Aug 31, 2022.
             Was a Believer of Okawaru.
             Slain by a ten-headed hydra (11 damage)
             ... on level 5 of the Lair of Beasts.
             The game lasted 00:06:37 (12166 turns).

qw the Brawler (Troll Cinder Acolyte)              Turns: 12166, Time: 00:06:37

Health: -1/118     AC: 11    Str: 33    XL:     12   Next: 83%
Magic:  14/14      EV: 17    Int: 22    God:    Okawaru [**....]
Gold:   1716       SH:  0    Dex: 20    Spells: 13/13 levels left

rFire   . . .      SeeInvis .     - Unarmed
rCold   . . .      Faith    .   (no shield)
rNeg    . . .      Spirit   .   o - +4 robe of Augmentation {Str+4 Int+4 Dex+4}
rPois   +          Reflect  .   (helmet restricted)
rElec   +          Harm     .   p - +2 cloak
rCorr   .          Rampage  .   (gloves unavailable)
Will    +....                   (boots unavailable)
Stlth   +++.......              (no amulet)
HPRegen 1.09/turn               h - ring "Wixar" {rElec rPois Int+6 Dex+5 Slay+3}
MPRegen 0.14/turn               j - ring "Liekog" {Will+ Int+2 Dex+6}

@: heroic, fire susceptible
A: large, unfitting armour, claws 3, regeneration 1, shaggy fur 1, tough skin 1
a: Renounce Religion, Heroism


You were on level 5 of the Lair of Beasts.
You worshipped Okawaru.
Okawaru was pleased with you.
You visited 3 branches of the dungeon, and saw 15 of its levels.
You also visited: Ossuary.

You collected 1716 gold pieces.


Innate Abilities, Weirdness & Mutations

You are too large for most types of armour.
You have claws for hands.
Your natural rate of healing is unusually fast.
You are covered in fur. (AC +1)
You have tough skin. (AC +1)


   Skills:
 - Level 7.0(12.0) Fighting
 - Level 5.2(10.2) Throwing
 - Level 1.1(6.1) Armour
 - Level 6.0(11.0) Dodging
 + Level 17.5(22.5) Unarmed Combat
 - Level 1.0 Spellcasting
 - Level 2.1 Fire Magic
 - Level 4.0 Invocations


You had 13 spell levels left.
You didn't know any spells.
Your spell library contained the following spells:

 Spells                   Type           Power      Damage    Failure   Level
 Scorch                   Fire           20%        2d6       10%         2

Inventory:

Missiles
 q - 4 boomerangs (quivered)
 r - 2 javelins
Armour
 o - the +4 robe of Augmentation (worn) {Str+4 Int+4 Dex+4}
   (You found it on level 5 of the Dungeon)

   Str:       It affects your strength (+4).
   Int:       It affects your intelligence (+4).
   Dex:       It affects your dexterity (+4).
 p - a +2 cloak (worn)
Jewellery
 h - the ring "Wixar" (left claw) {rElec rPois Int+6 Dex+5 Slay+3}
   (You acquired it on level 3 of the Dungeon)

   [ring of intelligence]

   Int:       It affects your intelligence (+6).
   Dex:       It affects your dexterity (+5).
   Slay:      It affects your accuracy & damage with ranged weapons and melee
   (+3).
   rElec:     It insulates you from electricity.
   rPois:     It protects you from poison.
 i - a +4 ring of protection
 j - the ring "Liekog" (right claw) {Will+ Int+2 Dex+6}
   (You found it on level 2 of the Dungeon)

   [ring of dexterity]

   Int:       It affects your intelligence (+2).
   Dex:       It affects your dexterity (+6).
   Will:      It increases your willpower.
 n - a ring of protection from fire
Scrolls
 b - a scroll of identify
 d - 2 scrolls of enchant armour
Potions
 a - a potion of haste
 c - 8 potions of curing
 e - a potion of resistance
 f - a potion of mutation {unknown}
 g - a potion of might
 l - a potion of magic

Dungeon Overview and Level Annotations

Branches:
Dungeon (10/15)            Temple (1/1) D:6            Lair (3/5) D:9
 Shoals (0/4) Lair:3        Snake (0/4) Lair:2      Ossuary (visited)
    Orc: D:9-12

Altars:
Ashenzari
Cheibriados
Dithmenos
Elyvilon
Fedhas
Gozag
Hepliaklqana
Makhleb
Nemelex Xobeh
Okawaru
Qazlal
Ru
Trog
Uskayaw
Vehumet
Wu Jian
Xom
Yredelemnul
Zin
The Shining One

Annotations:
D:5 2 runed translucent doors


Message History

You rip one of the nine-headed hydra's heads off!
The eight-headed hydra grows two more!
You mangle the ten-headed hydra!!
The ten-headed hydra is heavily wounded.
A bullfrog comes into view.
The ten-headed hydra misses you.
The ten-headed hydra bites you but does no damage.
The ten-headed hydra barely misses you.
The ten-headed hydra closely misses you.
The ten-headed hydra bites you! The ten-headed hydra bites you.
The ten-headed hydra misses you. The ten-headed hydra bites you.
The ten-headed hydra bites you but does no damage.
The ten-headed hydra bites you!
The blink frog blinks! x2
12165 ||| DRINKING 2 potions of heal wounds.
You feel much better.
The blink frog blinks!
The electric eel shoots out a bolt of lightning at you!
The bolt of electricity hits you. You resist. The bolt of electricity hits you.
You resist.
The bolt of electricity hits the electric eel.
The electric eel completely resists.
The bolt of electricity hits the plant!
The plant begins to die.
The bolt of electricity hits the plant!
The cane toad stings you.
The blink frog hits the plant!
The ten-headed hydra closely misses you.
The ten-headed hydra completely misses you.
The ten-headed hydra misses you. The ten-headed hydra bites you! x2
The ten-headed hydra completely misses you.
The ten-headed hydra bites you.
The ten-headed hydra closely misses you. x2
The ten-headed hydra misses you.
12166 ||| DRINKING potion of heal wounds.
You feel much better.
The bullfrog releases a deep croak.
The blink frog blinks!
The blink frog hits the plant!!
The cane toad barely misses you. The ten-headed hydra bites you!
The ten-headed hydra bites you but does no damage.
The ten-headed hydra closely misses you.
The ten-headed hydra barely misses you. The ten-headed hydra bites you. x2
The ten-headed hydra misses you. The ten-headed hydra barely misses you.
The ten-headed hydra bites you!
You die...

~~~~~~~~..###.#
~~~~~~P~...#...
~~~~~~~~F....
~¤~P~~~...P#
~~~F~~%...#
~~~~F¤F¤?#
P#~~FyFw##
#~##FFD# #PS@#
#####


You could see a ten-headed hydra, a tyrant leech, a cane toad, 5 blink frogs, a
vampire mosquito, 2 bullfrogs and an electric eel.

Vanquished Creatures
  A boulder beetle (D:9)
  Harold (D:9)
  Fannar (D:10)
  2 centaur warriors (D:9)
  A two-headed ogre (D:10)
  Lodul (D:10)
  Pikel (D:6)
  An ugly thing (D:9)
  6 elephants
  3 merfolk sirens (Lair:3)
  A black mamba (Lair:2)
  An unseen horror (D:10)
  5 cane toads
  Psyche (D:9)
  2 kobold demonologists (D:10)
  A komodo dragon (Lair:2)
  A rime drake (Lair:2)
  A merfolk (Lair:3)
  3 trolls (D:9)
  A polar bear (Lair:2)
  5 blink frogs
  Grinder (D:3)
  Sigmund (D:4)
  A shadow (D:9)
  A wraith (D:10)
  5 wyverns
  20 yaks
  8 fire elementals
  A golden eye (shapeshifter) (D:9)
  A vampire mosquito (Lair:5)
  A basilisk (D:9)
  3 nagas (Lair:2)
  9 water moccasins
  A sky beast (D:7)
  4 orc warriors
  3 black bears
  2 ice beasts
  A boggart (D:9)
  9 ogres
  A centaur (D:7)
  9 wolves (Lair:2)
  A lemure (D:6)
  5 kobold brigands
  A gnoll sergeant (D:10)
  An elf zombie (Ossuary)
  5 bullfrogs
  A scorpion (D:6)
  3 necrophages
  3 wights (D:8)
  12 killer bees
  5 howler monkeys
  4 hounds
  4 orc priests
  5 jellies
  A gnoll bouda (D:9)
  Ijyb (D:3)
  Terence (D:2)
  An iguana (D:7)
  10 orc wizards
  3 mummies
  Robin (D:2)
  6 gnolls
  12 adders
  2 shadow imps
  14 white imps
  2 worms
  5 dart slugs
  28 orcs
  5 endoplasms
  4 giant cockroaches
  3 gnoll zombies (Ossuary)
  10 goblins
  7 hobgoblins
  7 jackals (D:3)
  5 quokkas
  7 ball pythons
  6 bats
  6 frilled lizards
  4 goblin zombies
  4 hobgoblin zombies (Ossuary)
  22 kobolds
  A kobold zombie (D:7)
  3 orc zombies (Ossuary)
  6 rats
  2 butterflies (Lair:1)
361 creatures vanquished.

Vanquished Creatures (others)
  An angel (D:3)
  7 fungi
  49 plants
57 creatures vanquished.

Grand Total: 418 creatures vanquished

Notes
Turn   | Place    | Note
-------+----------+-------------------------------------------
     0 | D:1      | qw the Troll Cinder Acolyte began the quest for the Orb.
     0 | D:1      | Reached XP level 1. HP: 22/22 MP: 1/1
     0 | D:1      | 0 ||| qw: Version: 0.1-a-97-g2dd2ca4
     0 | D:1      | 0 ||| qw: Game counter: 4525
     0 | D:1      | 0 ||| qw: Always use a shield: true
     0 | D:1      | 0 ||| qw: God list: Okawaru
     0 | D:1      | 0 ||| qw: Allow faded altars: false
     0 | D:1      | 0 ||| qw: Do Orc after D:15 true
     0 | D:1      | 0 ||| qw: Do second Lair branch before Depths: true
     0 | D:1      | 0 ||| qw: Lair rune preference: random
     0 | D:1      | 0 ||| qw: Plans: Normal
     0 | D:1      | 0 ||| PLANNING D:1-11
    31 | D:1      | 31 ||| Stepping ~*~*~tactically~*~*~ (outnumbered).
    32 | D:1      | 32 ||| Stepping ~*~*~tactically~*~*~ (outnumbered).
   110 | D:1      | 110 ||| Stepping ~*~*~tactically~*~*~ (stealth).
   158 | D:1      | Reached XP level 2. HP: 27/29 MP: 2/2
   182 | D:1      | 182 ||| Stepping ~*~*~tactically~*~*~ (stealth).
   193 | D:1      | Found a faded altar of an unknown god.
   275 | D:1      | 275 ||| Stepping ~*~*~tactically~*~*~ (hiding).
   319 | D:1      | Reached skill level 4 in Unarmed Combat
   533 | D:1      | 533 ||| READING scroll labelled CAAROYHOTI.
   534 | D:1      | 534 ||| READING scroll labelled WUDUFIARRO.
   539 | D:1      | 539 ||| READING 2 scrolls labelled GYHAUCU NUYTH.
   540 | D:1      | 540 ||| DRINKING 2 dark potions.
   573 | D:1      | 573 ||| DROPPING potion of lignification.
   689 | D:2      | 689 ||| Stepping ~*~*~tactically~*~*~ (stealth).
   711 | D:2      | Reached XP level 3. HP: 36/36 MP: 3/3
   720 | D:2      | 720 ||| Stepping ~*~*~tactically~*~*~ (hiding).
   730 | D:2      | Noticed Terence
   736 | D:2      | 736 ||| Stepping ~*~*~tactically~*~*~ (stealth).
   743 | D:2      | Killed Terence
   875 | D:2      | Identified the ring "Liekog" {Will+ Int+2 Dex+6}
   927 | D:2      | Noticed Robin
   928 | D:2      | 928 ||| INVOKING Fiery Armour.
   931 | D:2      | 931 ||| Stepping ~*~*~tactically~*~*~ (outnumbered).
   933 | D:2      | Reached skill level 5 in Unarmed Combat
   933 | D:2      | Reached XP level 4. HP: 44/44 MP: 4/4
   941 | D:2      | Killed Robin
   942 | D:2      | 942 ||| FLEEEEING.
   943 | D:2      | 943 ||| FLEEEEING.
  1032 | D:2      | 1032 ||| Stepping ~*~*~tactically~*~*~ (stealth).
  1249 | D:2      | 1249 ||| UPGRADING to ring "Liekog" {Will+ Int+2 Dex+6}.
  1250 | D:2      | 1250 ||| UPGRADING to +4 ring of protection.
  1251 | D:2      | 1251 ||| READING scroll labelled UGULIAS GANOL.
  1252 | D:2      | 1252 ||| READING scroll labelled WUUTZI GUACU.
  1253 | D:2      | 1253 ||| READING scroll labelled YSAEB QALOFU.
  1254 | D:2      | 1254 ||| READING scroll labelled FESASSIDIA.
  1255 | D:2      | 1255 ||| READING scroll labelled MOREQA NIGH.
  1256 | D:2      | 1256 ||| READING 3 scrolls of identify.
  1256 | D:2      | 1256 ||| IDENTIFYING fizzy puce potion
  1257 | D:2      | 1257 ||| READING 2 scrolls of identify.
  1257 | D:2      | 1257 ||| IDENTIFYING green potion
  1258 | D:2      | 1258 ||| DROPPING potion of brilliance.
  1259 | D:2      | 1259 ||| DROPPING potion of attraction.
  1626 | D:3      | Noticed Grinder
  1633 | D:3      | 1633 ||| FLEEEEING.
  1634 | D:3      | 1634 ||| FLEEEEING.
  1660 | D:3      | Killed Grinder
  1661 | D:3      | Reached skill level 3 in Dodging
  1661 | D:3      | Reached XP level 5. HP: 37/50 MP: 5/5
  1661 | D:3      | Reached XP level 6. HP: 44/59 MP: 6/6
  1684 | D:3      | 1684 ||| Stepping ~*~*~tactically~*~*~ (stealth).
  1705 | D:3      | Noticed an angel
  1726 | D:3      | Found a glowing silver altar of Zin.
  1737 | D:3      | Found a shimmering altar of Xom.
  1883 | D:3      | Noticed Ijyb
  1884 | D:3      | 1884 ||| Stepping ~*~*~tactically~*~*~ (hiding).
  1887 | D:3      | 1887 ||| INVOKING Fiery Armour.
  1890 | D:3      | 1890 ||| Stepping ~*~*~tactically~*~*~ (outnumbered).
  1892 | D:3      | 1892 ||| Stepping ~*~*~tactically~*~*~ (outnumbered).
  1897 | D:3      | Killed Ijyb
  1911 | D:3      | Found an opulent altar of Gozag.
  1978 | D:3      | 1978 ||| Stepping ~*~*~tactically~*~*~ (stealth).
  1979 | D:3      | 1979 ||| Stepping ~*~*~tactically~*~*~ (stealth).
  2027 | D:3      | 2027 ||| Stepping ~*~*~tactically~*~*~ (outnumbered).
  2051 | D:3      | 2051 ||| Stepping ~*~*~tactically~*~*~ (stealth).
  2052 | D:3      | 2052 ||| Stepping ~*~*~tactically~*~*~ (stealth).
  2058 | D:3      | 2058 ||| Stepping ~*~*~tactically~*~*~ (stealth).
  2140 | D:3      | 2140 ||| Stepping ~*~*~tactically~*~*~ (outnumbered).
  2392 | D:3      | Killed an angel
  2402 | D:3      | 2402 ||| READING scroll labelled OPRALEADYC.
  2403 | D:3      | 2403 ||| READING scroll labelled OGOQOR JEYG.
  2404 | D:3      | 2404 ||| READING scroll labelled HIXACU XIOMA.
  2404 | D:3      | Identified a scroll of acquirement
  2404 | D:3      | 2404 ||| ACQUIRING ring "Wixar" {rElec rPois Int+6 Dex+5
                  | Slay+3}
  2404 | D:3      | Acquired the ring "Wixar" {rElec rPois Int+6 Dex+5 Slay+3}
  2406 | D:3      | 2406 ||| UPGRADING to ring "Wixar" {rElec rPois Int+6 Dex+5
                  | Slay+3}.
  2408 | D:3      | 2408 ||| UPGRADING to ring "Liekog" {Will+ Int+2 Dex+6}.
  2410 | D:3      | 2410 ||| READING 2 scrolls of identify.
  2410 | D:3      | 2410 ||| IDENTIFYING viscous white potion
  2633 | D:4      | Noticed Sigmund
  2644 | D:4      | Reached skill level 1 in Throwing
  2645 | D:4      | Killed Sigmund
  2646 | D:4      | Reached skill level 6 in Unarmed Combat
  2646 | D:4      | Reached XP level 7. HP: 41/66 MP: 7/7
  2649 | D:4      | 2649 ||| FLEEEEING.
  2650 | D:4      | 2650 ||| FLEEEEING.
  2786 | D:4      | Reached skill level 7 in Unarmed Combat
  2810 | D:4      | 2810 ||| READING scroll labelled LEILLASUCS.
  2811 | D:4      | 2811 ||| Stepping randomly (stuck).
  2813 | D:4      | 2813 ||| Stepping randomly (stuck).
  2814 | D:4      | 2814 ||| Stepping randomly (stuck).
  3401 | D:4      | 3401 ||| DROPPING ring of magical power.
  3426 | D:5      | Entered Level 5 of the Dungeon
  3442 | D:5      | 3442 ||| FLEEEEING.
  3443 | D:5      | 3443 ||| STAIRDANCE
  3535 | D:5      | 3535 ||| Stepping ~*~*~tactically~*~*~ (stealth).
  3574 | D:5      | Reached skill level 8 in Unarmed Combat
  3608 | D:5      | Reached skill level 3 in Fighting
  3608 | D:5      | Reached XP level 8. HP: 75/75 MP: 8/8
  3615 | D:5      | 3615 ||| Stepping ~*~*~tactically~*~*~ (stealth).
  3663 | D:5      | 3663 ||| Stepping ~*~*~tactically~*~*~ (stealth).
  3664 | D:5      | 3664 ||| INVOKING Fiery Armour.
  3669 | D:5      | Reached skill level 9 in Unarmed Combat
  3770 | D:5      | Found the +4 robe of Augmentation {Str+4 Int+4 Dex+4}
  4011 | D:5      | Found a large runed translucent door.
  4012 | D:5      | Found a large runed translucent door.
  4121 | D:5      | 4121 ||| UPGRADING to +4 robe of Augmentation {Str+4 Int+4
                  | Dex+4}.
  4131 | D:5      | 4131 ||| DROPPING +0 robe.
  4345 | D:6      | 4345 ||| Stepping ~*~*~tactically~*~*~ (stealth).
  4347 | D:6      | 4347 ||| Stepping ~*~*~tactically~*~*~ (stealth).
  4465 | D:6      | Reached skill level 10 in Unarmed Combat
  4543 | D:6      | Noticed Pikel
  4551 | D:6      | 4551 ||| Stepping ~*~*~tactically~*~*~ (outnumbered).
  4552 | D:6      | 4552 ||| Stepping ~*~*~tactically~*~*~ (outnumbered).
  4553 | D:6      | 4553 ||| Stepping ~*~*~tactically~*~*~ (outnumbered).
  4556 | D:6      | Killed Pikel
  4557 | D:6      | Reached XP level 9. HP: 87/88 MP: 9/9
  4757 | D:6      | Found a staircase to the Ecumenical Temple.
  4973 | D:6      | 4973 ||| READING scroll labelled GEJEACZUMNIFU.
  4974 | D:6      | 4974 ||| DRINKING 2 sedimented red potions.
  5075 | D:6      | 5075 ||| DROPPING potion of ambrosia.
  5101 | D:7      | 5101 ||| PLANNING OSSUARY
  5112 | D:7      | Reached skill level 11 in Unarmed Combat
  5190 | D:7      | 5190 ||| INVOKING Fiery Armour.
  5191 | D:7      | 5191 ||| Stepping ~*~*~tactically~*~*~ (outnumbered).
  5192 | D:7      | 5192 ||| Stepping ~*~*~tactically~*~*~ (hiding).
  5197 | D:7      | 5197 ||| Stepping ~*~*~tactically~*~*~ (hiding).
  5268 | D:7      | Found a sand-covered staircase.
  5269 | D:7      | 5269 ||| Stepping ~*~*~tactically~*~*~ (stealth).
  5270 | D:7      | 5270 ||| DROPPING orb of wrath.
  5271 | D:7      | 5271 ||| DROPPING +6 ring of dexterity.
  5272 | D:7      | 5272 ||| READING 2 scrolls of identify.
  5272 | D:7      | 5272 ||| IDENTIFYING fizzy purple potion
  5273 | D:7      | 5273 ||| DROPPING potion of degeneration.
  5280 | Ossuary  | Entered an ossuary
  5284 | Ossuary  | 5284 ||| Stepping ~*~*~tactically~*~*~ (stealth).
  5285 | Ossuary  | 5285 ||| Stepping ~*~*~tactically~*~*~ (stealth).
  5286 | Ossuary  | 5286 ||| Stepping ~*~*~tactically~*~*~ (stealth).
  5289 | Ossuary  | 5289 ||| Stepping ~*~*~tactically~*~*~ (stealth).
  5329 | Ossuary  | 5329 ||| Stepping ~*~*~tactically~*~*~ (outnumbered).
  5331 | Ossuary  | 5331 ||| Stepping ~*~*~tactically~*~*~ (outnumbered).
  5332 | Ossuary  | 5332 ||| Stepping ~*~*~tactically~*~*~ (outnumbered).
  5361 | Ossuary  | 5361 ||| Stepping ~*~*~tactically~*~*~ (stealth).
  5443 | D:7      | 5443 ||| PLANNING D:1-11
  5478 | D:7      | 5478 ||| Stepping ~*~*~tactically~*~*~ (stealth).
  5712 | D:7      | Reached skill level 3 in Throwing
  5716 | D:7      | 5716 ||| Stepping ~*~*~tactically~*~*~ (hiding).
  5818 | D:7      | 5818 ||| Stepping ~*~*~tactically~*~*~ (hiding).
  5920 | D:7      | 5920 ||| Stepping ~*~*~tactically~*~*~ (hiding).
  6022 | D:7      | 6022 ||| Stepping ~*~*~tactically~*~*~ (hiding).
  6030 | D:7      | 6030 ||| Stepping ~*~*~tactically~*~*~ (hiding).
  6031 | D:7      | 6031 ||| Stepping ~*~*~tactically~*~*~ (hiding).
  6039 | D:7      | Reached skill level 12 in Unarmed Combat
  6195 | D:7      | 6195 ||| Stepping ~*~*~tactically~*~*~ (stealth).
  6291 | D:7      | 6291 ||| DRINKING 2 inky potions.
  6339 | D:8      | 6339 ||| FLEEEEING.
  6342 | D:8      | Reached XP level 10. HP: 82/96 MP: 10/10
  6342 | D:8      | 6342 ||| FLEEEEING.
  6343 | D:8      | 6343 ||| FLEEEEING.
  6344 | D:8      | 6344 ||| FLEEEEING.
  6345 | D:8      | 6345 ||| FLEEEEING.
  6346 | D:8      | 6346 ||| FLEEEEING.
  6479 | D:8      | 6479 ||| Stepping ~*~*~tactically~*~*~ (hiding).
  6480 | D:8      | 6480 ||| Stepping ~*~*~tactically~*~*~ (hiding).
  6646 | D:8      | 6646 ||| Stepping ~*~*~tactically~*~*~ (outnumbered).
  6647 | D:8      | 6647 ||| Stepping ~*~*~tactically~*~*~ (outnumbered).
  6650 | D:8      | 6650 ||| Stepping ~*~*~tactically~*~*~ (outnumbered).
  6927 | D:8      | Found the +8 orange crystal plate armour {Archmagi, Int+3
                  | Clar}
  7128 | D:9      | Noticed a boulder beetle
  7129 | D:9      | Noticed a centaur warrior
  7130 | D:9      | 7130 ||| Stepping ~*~*~tactically~*~*~ (hiding).
  7131 | D:9      | 7131 ||| Stepping ~*~*~tactically~*~*~ (hiding).
  7132 | D:9      | 7132 ||| INVOKING Fiery Armour.
  7133 | D:9      | 7133 ||| Stepping ~*~*~tactically~*~*~ (outnumbered).
  7136 | D:9      | Killed a centaur warrior
  7137 | D:9      | Reached skill level 13 in Unarmed Combat
  7142 | D:9      | HP: 23/96 [boulder beetle (17)]
  7143 | D:9      | 7143 ||| READING 2 scrolls of teleportation.
  7144 | D:9      | 7144 ||| DRINKING potion of heal wounds.
  7146 | D:9      | 7146 ||| Stepping ~*~*~tactically~*~*~ (outnumbered).
  7205 | D:9      | 7205 ||| Stepping ~*~*~tactically~*~*~ (hiding).
  7218 | D:9      | Noticed Psyche
  7232 | D:9      | Killed Psyche
  7283 | D:9      | 7283 ||| Stepping ~*~*~tactically~*~*~ (stealth).
  7291 | D:9      | 7291 ||| INVOKING Fiery Armour.
  7302 | D:9      | Noticed an elephant
  7311 | D:9      | 7311 ||| Stepping ~*~*~tactically~*~*~ (stealth).
  7311 | D:9      | Noticed Harold
  7313 | D:9      | Killed an elephant
  7314 | D:9      | Reached skill level 14 in Unarmed Combat
  7314 | D:9      | 7314 ||| Stepping ~*~*~tactically~*~*~ (hiding).
  7323 | D:9      | Killed Harold
  7335 | D:9      | 7335 ||| Stepping ~*~*~tactically~*~*~ (stealth).
  7336 | D:9      | 7336 ||| Stepping ~*~*~tactically~*~*~ (stealth).
  7344 | D:9      | Reached skill level 6 in Fighting
  7349 | D:9      | 7349 ||| Stepping ~*~*~tactically~*~*~ (hiding).
  7390 | D:9      | 7390 ||| Stepping ~*~*~tactically~*~*~ (stealth).
  7391 | D:9      | 7391 ||| Stepping ~*~*~tactically~*~*~ (stealth).
  7402 | D:9      | Found a staircase to the Lair.
  7437 | D:9      | 7437 ||| Stepping ~*~*~tactically~*~*~ (stealth).
  7452 | D:9      | 7452 ||| Stepping ~*~*~tactically~*~*~ (hiding).
  7465 | D:9      | 7465 ||| INVOKING Fiery Armour.
  7494 | D:9      | Noticed a centaur warrior
  7497 | D:9      | Killed a centaur warrior
  7498 | D:9      | Reached XP level 11. HP: 102/105 MP: 11/11
  7505 | D:9      | 7505 ||| Stepping ~*~*~tactically~*~*~ (hiding).
  7654 | D:9      | 7654 ||| DRINKING 6 potions of curing.
  7654 | D:9      | 7654 ||| (to cure confusion)
  7655 | D:9      | 7655 ||| DRINKING 5 potions of curing.
  7655 | D:9      | 7655 ||| (to cure confusion)
  7660 | D:9      | Noticed a white ugly thing
  7673 | D:9      | 7673 ||| INVOKING Fiery Armour.
  7676 | D:9      | Killed a white ugly thing
  8156 | D:9      | Found a stormy altar of Qazlal.
  8194 | D:9      | 8194 ||| Stepping ~*~*~tactically~*~*~ (stealth).
  8217 | D:9      | 8217 ||| READING 2 scrolls of identify.
  8217 | D:9      | 8217 ||| IDENTIFYING murky orange potion
  8218 | D:9      | 8218 ||| DROPPING potion of berserk rage.
  8301 | D:9      | 8301 ||| READING scroll of teleportation.
  8302 | D:9      | 8302 ||| STAIRDANCE
  8348 | D:10     | Entered Level 10 of the Dungeon
  8383 | D:10     | Noticed Fannar
  8392 | D:10     | 8392 ||| INVOKING Fiery Armour.
  8398 | D:10     | Killed Fannar
  8399 | D:10     | Reached skill level 15 in Unarmed Combat
  8517 | D:10     | 8517 ||| Stepping ~*~*~tactically~*~*~ (stealth).
  8518 | D:10     | Noticed Lodul
  8520 | D:10     | 8520 ||| Stepping ~*~*~tactically~*~*~ (hiding).
  8532 | D:10     | Killed Lodul
  8535 | D:10     | 8535 ||| Stepping ~*~*~tactically~*~*~ (outnumbered).
  8536 | D:10     | 8536 ||| Stepping ~*~*~tactically~*~*~ (outnumbered).
  8539 | D:10     | 8539 ||| Stepping ~*~*~tactically~*~*~ (outnumbered).
  8541 | D:10     | 8541 ||| Stepping ~*~*~tactically~*~*~ (outnumbered).
  8542 | D:10     | 8542 ||| Stepping ~*~*~tactically~*~*~ (outnumbered).
  8543 | D:10     | 8543 ||| Stepping ~*~*~tactically~*~*~ (outnumbered).
  8616 | D:10     | 8616 ||| Stepping ~*~*~tactically~*~*~ (stealth).
  8618 | D:10     | 8618 ||| Stepping ~*~*~tactically~*~*~ (stealth).
  8619 | D:10     | 8619 ||| Stepping ~*~*~tactically~*~*~ (stealth).
  8620 | D:10     | 8620 ||| Stepping ~*~*~tactically~*~*~ (stealth).
  8621 | D:10     | 8621 ||| Stepping ~*~*~tactically~*~*~ (stealth).
  8631 | D:10     | 8631 ||| Stepping ~*~*~tactically~*~*~ (outnumbered).
  8651 | D:10     | 8651 ||| Stepping ~*~*~tactically~*~*~ (stealth).
  8654 | D:10     | 8654 ||| Stepping ~*~*~tactically~*~*~ (stealth).
  8663 | D:10     | 8663 ||| Stepping ~*~*~tactically~*~*~ (stealth).
  8665 | D:10     | 8665 ||| Stepping ~*~*~tactically~*~*~ (stealth).
  8668 | D:10     | 8668 ||| Stepping ~*~*~tactically~*~*~ (stealth).
  8670 | D:10     | 8670 ||| Stepping ~*~*~tactically~*~*~ (stealth).
  8674 | D:10     | 8674 ||| Stepping ~*~*~tactically~*~*~ (stealth).
  8736 | D:10     | 8736 ||| INVOKING Fiery Armour.
  8742 | D:10     | 8742 ||| Stepping ~*~*~tactically~*~*~ (outnumbered).
  8744 | D:10     | 8744 ||| Stepping ~*~*~tactically~*~*~ (outnumbered).
  8747 | D:10     | 8747 ||| Stepping ~*~*~tactically~*~*~ (outnumbered).
  8751 | D:10     | 8751 ||| Stepping ~*~*~tactically~*~*~ (outnumbered).
  8752 | D:10     | 8752 ||| Stepping ~*~*~tactically~*~*~ (outnumbered).
  8766 | D:10     | Noticed a sun demon
  8766 | D:10     | 8766 ||| Stepping ~*~*~tactically~*~*~ (outnumbered).
  8772 | D:10     | 8772 ||| Stepping ~*~*~tactically~*~*~ (outnumbered).
  8972 | D:10     | Noticed a two-headed ogre
  8978 | D:10     | Killed a two-headed ogre
  8979 | D:10     | Reached skill level 16 in Unarmed Combat
  9349 | D:10     | 9349 ||| DRINKING 2 cyan potions.
  9350 | D:10     | 9350 ||| DROPPING potion of magic.
  9388 | D:9      | 9388 ||| READING scroll of teleportation.
  9430 | D:9      | 9430 ||| INVOKING Fiery Armour.
  9446 | D:9      | Killed a boulder beetle
  9481 | D:9      | 9481 ||| PLANNING LAIR
  9526 | Lair:1   | Entered Level 1 of the Lair of Beasts
  9696 | Lair:1   | 9696 ||| Stepping ~*~*~tactically~*~*~ (stealth).
  9698 | Lair:1   | 9698 ||| Stepping ~*~*~tactically~*~*~ (stealth).
  9708 | Lair:1   | 9708 ||| Stepping ~*~*~tactically~*~*~ (stealth).
  9718 | Lair:1   | Reached XP level 12. HP: 109/118 MP: 12/12
  9790 | Lair:1   | 9790 ||| Stepping ~*~*~tactically~*~*~ (stealth).
  9794 | Lair:1   | 9794 ||| Stepping ~*~*~tactically~*~*~ (stealth).
  9802 | Lair:1   | Reached skill level 6 in Dodging
 10197 | Lair:1   | 10197 ||| READING 2 scrolls of identify.
 10197 | Lair:1   | 10197 ||| IDENTIFYING lumpy clear potion
 10217 | Lair:2   | 10217 ||| INVOKING Fiery Armour.
 10218 | Lair:2   | 10218 ||| STAIRDANCE
 10220 | Lair:1   | 10220 ||| PLANNING TEMPLE
 10380 | Temple   | Entered the Ecumenical Temple
 10440 | Temple   | 10440 ||| PLANNING CONVERSION TO OKAWARU
 10474 | Temple   | Fell from the grace of Ignis
 10474 | Temple   | Became a worshipper of Warmaster Okawaru
 10475 | Temple   | 10475 ||| PLANNING LAIR
 10705 | Lair:2   | 10705 ||| STAIRDANCE
 10768 | Lair:2   | 10768 ||| Stepping ~*~*~tactically~*~*~ (outnumbered).
 10830 | Lair:2   | Found a frozen archway.
 10842 | Lair:2   | 10842 ||| Stepping ~*~*~tactically~*~*~ (outnumbered).
 10844 | Lair:2   | 10844 ||| Stepping ~*~*~tactically~*~*~ (outnumbered).
 10845 | Lair:2   | 10845 ||| Stepping ~*~*~tactically~*~*~ (outnumbered).
 10847 | Lair:2   | 10847 ||| Stepping ~*~*~tactically~*~*~ (outnumbered).
 10848 | Lair:2   | 10848 ||| Stepping ~*~*~tactically~*~*~ (outnumbered).
 10849 | Lair:2   | 10849 ||| Stepping ~*~*~tactically~*~*~ (outnumbered).
 10857 | Lair:2   | HP: 29/118 [white imp/puff of frost (5)]
 10858 | Lair:2   | 10858 ||| DRINKING 2 potions of heal wounds.
 10988 | Lair:2   | 10988 ||| Stepping ~*~*~tactically~*~*~ (stealth).
 10990 | Lair:2   | 10990 ||| Stepping ~*~*~tactically~*~*~ (stealth).
 10992 | Lair:2   | 10992 ||| Stepping ~*~*~tactically~*~*~ (stealth).
 10998 | Lair:2   | Reached * piety under Okawaru
 10999 | Lair:2   | 10999 ||| INVOKING Heroism.
 11009 | Lair:2   | Reached skill level 1 in Invocations
 11066 | Lair:2   | 11066 ||| INVOKING Heroism.
 11078 | Lair:2   | 11078 ||| INVOKING Heroism.
 11124 | Lair:2   | 11124 ||| INVOKING Heroism.
 11226 | Lair:2   | 11226 ||| Stepping ~*~*~tactically~*~*~ (stealth).
 11233 | Lair:2   | 11233 ||| Stepping ~*~*~tactically~*~*~ (hiding).
 11235 | Lair:2   | 11235 ||| Stepping ~*~*~tactically~*~*~ (hiding).
 11248 | Lair:2   | 11248 ||| Stepping ~*~*~tactically~*~*~ (hiding).
 11249 | Lair:2   | 11249 ||| Stepping ~*~*~tactically~*~*~ (hiding).
 11251 | Lair:2   | 11251 ||| Stepping ~*~*~tactically~*~*~ (hiding).
 11253 | Lair:2   | 11253 ||| Stepping ~*~*~tactically~*~*~ (hiding).
 11300 | Lair:2   | 11300 ||| INVOKING Heroism.
 11357 | Lair:2   | Found a staircase to the Snake Pit.
 11409 | Lair:2   | 11409 ||| Stepping ~*~*~tactically~*~*~ (stealth).
 11412 | Lair:2   | 11412 ||| Stepping ~*~*~tactically~*~*~ (stealth).
 11416 | Lair:2   | Reached skill level 3 in Invocations
 11747 | Lair:2   | 11747 ||| UPGRADING to +0 cloak.
 11752 | Lair:2   | 11752 ||| READING 4 scrolls of enchant armour.
 11752 | Lair:2   | 11752 ||| ENCHANTING +0 cloak.
 11753 | Lair:2   | 11753 ||| READING 3 scrolls of enchant armour.
 11753 | Lair:2   | 11753 ||| ENCHANTING +1 cloak.
 11754 | Lair:2   | 11754 ||| DRINKING 2 sapphire potions.
 11755 | Lair:2   | 11755 ||| DRINKING 2 emerald potions.
 11756 | Lair:2   | 11756 ||| READING 2 scrolls of identify.
 11756 | Lair:2   | 11756 ||| IDENTIFYING black potion
 11757 | Lair:2   | 11757 ||| DROPPING potion of flight.
 11775 | Lair:3   | 11775 ||| Stepping ~*~*~tactically~*~*~ (stealth).
 11777 | Lair:3   | 11777 ||| Stepping ~*~*~tactically~*~*~ (stealth).
 11779 | Lair:3   | 11779 ||| Stepping ~*~*~tactically~*~*~ (stealth).
 11780 | Lair:3   | 11780 ||| Stepping ~*~*~tactically~*~*~ (stealth).
 11781 | Lair:3   | 11781 ||| Stepping ~*~*~tactically~*~*~ (stealth).
 11789 | Lair:3   | 11789 ||| Stepping ~*~*~tactically~*~*~ (outnumbered).
 11790 | Lair:3   | 11790 ||| Stepping ~*~*~tactically~*~*~ (outnumbered).
 11791 | Lair:3   | 11791 ||| Stepping ~*~*~tactically~*~*~ (outnumbered).
 11793 | Lair:3   | Reached skill level 1 in Armour
 11796 | Lair:3   | Reached skill level 17 in Unarmed Combat
 11797 | Lair:3   | 11797 ||| INVOKING Heroism.
 11888 | Lair:3   | Reached ** piety under Okawaru
 11903 | Lair:3   | 11903 ||| Stepping ~*~*~tactically~*~*~ (stealth).
 11949 | Lair:3   | Found a staircase to the Shoals.
 11950 | Lair:3   | 11950 ||| Stepping ~*~*~tactically~*~*~ (hiding).
 11987 | Lair:3   | 11987 ||| Stepping ~*~*~tactically~*~*~ (outnumbered).
 11988 | Lair:3   | 11988 ||| INVOKING Heroism.
 11989 | Lair:3   | 11989 ||| Stepping ~*~*~tactically~*~*~ (outnumbered).
 11994 | Lair:3   | 11994 ||| Stepping ~*~*~tactically~*~*~ (outnumbered).
 12009 | Lair:3   | 12009 ||| FLEEEEING.
 12010 | Lair:3   | 12010 ||| INVOKING Heroism.
 12146 | Lair:3   | You fall into a shaft and drop 2 floors!
 12146 | Lair:5   | Entered Level 5 of the Lair of Beasts
 12149 | Lair:5   | 12149 ||| INVOKING Heroism.
 12154 | Lair:5   | Noticed an eight-headed hydra
 12156 | Lair:5   | 12156 ||| Stepping ~*~*~tactically~*~*~ (outnumbered).
 12158 | Lair:5   | 12158 ||| Stepping ~*~*~tactically~*~*~ (outnumbered).
 12159 | Lair:5   | 12159 ||| Stepping ~*~*~tactically~*~*~ (outnumbered).
 12164 | Lair:5   | HP: 24/118 [ten-headed hydra (9)]
 12165 | Lair:5   | 12165 ||| DRINKING 2 potions of heal wounds.
 12165 | Lair:5   | HP: 8/118 [ten-headed hydra (4)]
 12166 | Lair:5   | 12166 ||| DRINKING potion of heal wounds.
 12166 | Lair:5   | Slain by a ten-headed hydra

Levels and vault maps discovered:
D:1:      dpeg_arrival_line_fractal, layout_rooms,
          hellmonk_ecumenical_altar_blasted, minmay_bisected
D:2:      layout_loops_cross, minmay_nonomino_d4, uniq_robin, uniq_terence
D:3:      minmay_bubble_buster, layout_basic,
          grunt_temple_overflow_order_and_chaos_1, amcnicky_altar_gilded,
          uniq_grinder, uniq_ijyb
D:4:      layout_rooms, serial_co_window_serial, co_window_corner_a,
          co_window_paths_b, co_window_paths_b, co_window_cross_1,
          co_window_corner_a, co_window_paths_c, co_window_corner_b,
          co_window_corner_cb, co_window_corner_cb, co_window_cross_3,
          co_window_broadway_a, co_window_cross_2, co_window_paths_e,
          glass_columns_a, glass_columns_c, glass_columns_b, glass_columns_c,
          glass_columns_b, guppyfry_early_lair_pool, uniq_sigmund
D:5:      layout_loops_ring, jmf_multi_god_temple2, uniq_eustachio
D:6:      layout_cave_pods, minmay_temple_entry_fiery,
          minmay_unpleasant_kobolds, uniq_pikel
D:7:      layout_loops_ring, nicolae_ossuary_entry_giza, serial_glass,
          glass_columns_a, glass_columns_a
D:8:      layout_gridville
D:9:      minmay_diamond_stairs, layout_loops_ring, general_overflow_altar,
          david_lair_generic, uniq_harold, uniq_psyche
D:10:     layout_irregular_city, uniq_fannar, uniq_lodul
Temple:   minmay_temple_bridge_d
Lair:1:   layout_gridlike, lemuel_fruit_fields
Lair:2:   layout_roguey, guppyfry_snake_entry_garden,
          portal_ice_cave_entry_imps, serial_bayou_shore_b
Lair:3:   layout_cave_shapes, elwin_shoals_entry_stream
Lair:5:   minmay_lair_end_frog_pond, layout_loops_ring, gammafunk_ghost_hive,
          chequers_serial_rivers_large_b, chequers_serial_rivers_micro_a

Skill      XL: |  1  2  3  4  5  6  7  8  9 10 11 12 |
---------------+-------------------------------------+-----
Unarmed Combat | 4 5 6 8 10 12 14 16 17 | 17.5
Dodging        | 3 4 5 6 |  6.0
Throwing       | 1 2 3 4 5 |  5.2
Fighting       | 3 5 6 7 |  7.0
Invocations    | 4 |  4.0
Armour         | 1 |  1.1
Spellcasting   | |  1.0
Fire Magic     | |  2.1

Action                   |  1- 3 |  4- 6 |  7- 9 | 10-12 || total
-------------------------+-------+-------+-------+-------++-------
Melee: Unarmed           |    94 |   127 |   160 |   388 ||   769
       Punch             |     2 |     3 |    11 |    35 ||    51
Throw: Javelin           |       |     5 |    71 |    85 ||   161
       Boomerang         |       |       |    28 |    44 ||    72
Invok: Fiery Armour      |     1 |     1 |     2 |     8 ||    12
       Heroism           |       |       |       |     9 ||     9
  Use: Scroll            |     3 |    11 |     3 |     8 ||    25
       Potion            |     1 |       |     2 |     9 ||    12
 Stab: Sleeping          |       |       |       |     2 ||     2
Armor: Robe              |    27 |    55 |    38 |   129 ||   249
Dodge: Dodged            |    18 |    48 |    45 |   237 ||   348

Table legend:
 A = Non-vault XP
 B = Vault XP
 C = Vault XP percentage of total XP
 D = Non-vault monster count
 E = Vault monster count
 F = Vault count percentage of total count
                 A         B        C        D         E       F
            +---------+---------+-------+---------+---------+-------
      Total |   22524 |   12835 |  36.3 |     242 |     108 |  30.9
            +---------+---------+-------+---------+---------+-------
        D:1 |      33 |       1 |   2.9 |      19 |       1 |   5.0
        D:2 |      25 |      78 |  75.7 |       7 |      14 |  66.7
        D:3 |      41 |     332 |  89.0 |      16 |      19 |  54.3
        D:4 |     101 |     279 |  73.4 |       9 |       5 |  35.7
        D:5 |    1172 |       0 |   0.0 |      19 |       0 |   0.0
        D:6 |     553 |     856 |  60.8 |      16 |       7 |  30.4
        D:7 |    1448 |      20 |   1.4 |      25 |       3 |  10.7
        D:8 |    1694 |       0 |   0.0 |      19 |       0 |   0.0
        D:9 |    1903 |    5952 |  75.8 |      34 |      13 |  27.7
       D:10 |    3584 |    2343 |  39.5 |      28 |       8 |  22.2
     Lair:1 |    3355 |       0 |   0.0 |      15 |       0 |   0.0
     Lair:2 |    4648 |     617 |  11.7 |      24 |      15 |  38.5
     Lair:3 |    3967 |    1802 |  31.2 |      11 |       4 |  26.7
     Lair:5 |       0 |     415 | 100.0 |       0 |       3 | 100.0
    Ossuary |       0 |     140 | 100.0 |       0 |      16 | 100.0
            +---------+---------+-------+---------+---------+-------
